 Dungeon Crawl Stone Soup version 0.18-a0-1551-g40744a8 (webtiles) character file.

256 Duffy the Insei (level 6, -2/29 HPs)
             Began as a Vine Stalker Transmuter on Mar 11, 2016.
             Slain by Menkaure (13 damage)
             ... on level 4 of the Dungeon.
             The game lasted 00:03:28 (2903 turns).

Duffy the Insei (Vine Stalker Transmuter)           Turns: 2903, Time: 00:03:28

Health: -2/29      AC:  6    Str: 13    XL:     6   Next: 15%
Magic:  0/10       EV: 11    Int: 14    God:
Gold:   184        SH:  0    Dex: 15    Spells: 1 memorised, 8 levels left

rFire  . . .     SeeInvis .       - Unarmed
rCold  . . .     Gourm    .     y - +0 ring mail
rNeg   . . .     Faith    .     (no shield)
rPois  .         Spirit   +     (no helmet)
rElec  .         Dismiss  .     (no cloak)
rCorr  .         Reflect  .     h - +0 pair of gloves
SustAt .         Harm     .     (no boots)
MR     .....                    (no amulet)
Stlth  +.........               (no ring)
                                (no ring)

@: not resistant to hostile enchantments, very unstealthy
A: fangs 2, regeneration 2, magic shield, antimagic bite, no device heal 3, rot
immunity
a: no special abilities


You were on level 4 of the Dungeon.
You were not hungry.

You visited 1 branch of the dungeon, and saw 4 of its levels.

You collected 184 gold pieces.


Innate Abilities, Weirdness & Mutations

You have extremely sharp teeth.
You heal very quickly.
When hurt, damage is shared between your health and your magic reserves.
Your bite disrupts and absorbs the magic of your enemies.
Potions and wands cannot restore your health.
You are immune to rotting.


   Skills:
 - Level 0.8 Fighting
 - Level 1.5 Dodging
 + Level 6.7 Unarmed Combat
 - Level 2.1 Spellcasting
 - Level 2.0 Transmutations


You had 8 spell levels left.
You knew the following spells:

 Your Spells              Type           Power        Failure   Level  Hunger
a - Beastly Appendage     Trmt           #.....       24%         1    #......

Inventory:

Missiles
 a - 38 arrows
Armour
 b - a +0 robe
 h - a +0 pair of gloves (worn)
 n - a +0 plate armour
 w - a +0 chain mail
 y - a +0 ring mail (worn)
Wands
 p - a wand of teleportation (2/9)
Scrolls
 e - 3 scrolls of remove curse {unknown}
 g - a scroll of blinking {unknown}
 i - a scroll of amnesia {unknown}
 k - 10 scrolls of identify {unknown}
 o - 2 scrolls of noise {unknown}
 u - a scroll of magic mapping {unknown}
 v - a scroll of fear {unknown}
 z - a scroll of enchant weapon {unknown}
 B - a scroll of recharging {unknown}
Potions
 f - 2 potions of flight {unknown}
 l - a potion of heal wounds {unknown}
 m - 3 potions of lignification {unknown}
 t - a potion of cancellation {unknown}
 A - a potion of magic {unknown}
Books
 c - a book of Changes
Comestibles
 d - 3 bread rations
 j - 3 meat rations
 q - a slice of pizza
 r - 12 fruits
 s - a beef jerky
 x - a chunk of flesh

Dungeon Overview and Level Annotations

Branches:
Dungeon (4/15)
 Temple: D:4-7

Altars:

Annotations:
D:4 Menkaure


Message History

B - a scroll labeled DIPLEO COALYRAUR
Found an escape hatch in the ceiling.
Menkaure, Prince of Dust comes into view.
Menkaure shouts!
Found 6 bolts of penetration.
Menkaure points at you and mumbles some strange words.
Pain shoots through your body!
You closely miss Menkaure. Your bite misses Menkaure. Menkaure hits you!
You are too injured to fight recklessly!
You are too injured to fight recklessly!
You are too injured to fight recklessly!
You are too injured to fight recklessly!
You are too injured to fight recklessly!
You are too injured to fight recklessly!
You are too injured to fight recklessly!
You are too injured to fight recklessly!
You are too injured to fight recklessly!
You are too injured to fight recklessly!
You are too injured to fight recklessly!
You are too injured to fight recklessly!
You are too injured to fight recklessly!
You are too injured to fight recklessly!
You are too injured to fight recklessly!
You are too injured to fight recklessly!
You are too injured to fight recklessly!
You are too injured to fight recklessly!
You are too injured to fight recklessly!
You are too injured to fight recklessly!
You are too injured to fight recklessly!
You are too injured to fight recklessly!
You hit Menkaure. You bite Menkaure.
Menkaure's magic leaks into the air.
You drain his magic.
You feel invigorated.
Menkaure is moderately damaged.
Menkaure hits you!!
You die...

...## #.#.#
##.#.#.##.#.######
..................
#..#..............
#..........#####.#
#..#...........#.#
.......##..###.#.#
.#...##..###.#.#
#..M@.........# #
#...###.###.### .#
#.........###.####.###
#..?.(...............##
#....#.###.#####.......#
#....#. ##.......#####.#
#... #. #...###.<# #..#
#...........# #
.##..####.#


You could see Menkaure.

Action                   |  1- 3 |  4- 6 || total
-------------------------+-------+-------++-------
Melee: Unarmed           |   129 |   217 ||   346
 Stab: Sleeping          |     3 |     1 ||     4
  Eat: Chunk             |     1 |     6 ||     7

Notes
Turn   | Place    | Note
--------------------------------------------------------------
     0 | D:1      | Duffy the Vine Stalker Transmuter began the quest for the Orb.
     0 | D:1      | Reached XP level 1. HP: 9/9 MP: 4/4
   130 | D:1      | Reached XP level 2. HP: 14/14 MP: 6/6
   330 | D:1      | Reached skill level 4 in Unarmed Combat
   346 | D:1      | Reached XP level 3. HP: 15/17 MP: 7/7
  1221 | D:1      | Reached XP level 4. HP: 9/21 MP: 4/8
  1291 | D:2      | Reached skill level 5 in Unarmed Combat
  1931 | D:2      | Reached XP level 5. HP: 11/25 MP: 6/9
  2075 | D:3      | Noticed Terence
  2134 | D:2      | Killed Terence
  2214 | D:3      | Reached skill level 6 in Unarmed Combat
  2615 | D:3      | Gained mutation: You heal very quickly. [Vine Stalker growth]
  2615 | D:3      | Reached XP level 6. HP: 26/29 MP: 10/10
  2895 | D:4      | Noticed Menkaure
  2903 | D:4      | Slain by Menkaure

Vault maps used:
D:1:      dpeg_arrival_water_temple_mockup
D:2:      hex_large, guppyfry_early_lair_pool
D:3:      lightli_corner_chamber, uniq_terence
D:4:      old_forge, first_bread, uniq_menkaure

Vanquished Creatures
  An orc wizard Terence
  A worker ant
  4 gnolls
  3 adders
  An ooze
  3 worms
  2 dart slugs
  2 giant geckos
  12 orcs
  2 ball pythons
  3 giant cockroaches
  7 goblins
  5 hobgoblins
  9 jackals
  A quokka
  6 bats
  5 giant newts
  11 kobolds
  5 rats
84 creatures vanquished.
